 Dungeon Crawl Stone Soup version 0.16.1-16-gc44b35d (webtiles) character file.

2865 Rester5115 the Nimble (level 10, -9/73 HPs)
             Began as a Human Skald on Apr 20, 2015.
             Was a Follower of Fedhas.
             Hit by a stone thrown by an orc warrior (16 damage)
             ... on level 7 of the Dungeon.
             The game lasted 01:15:25 (13649 turns).

Rester5115 the Nimble (Human Skald)                Turns: 13649, Time: 01:15:25

Health: -9/73      AC:  5    Str: 13    XL:     10   Next: 4%
Magic:  16/16      EV: 18    Int: 19    God:    Fedhas [*.....]
Gold:   461        SH:  0    Dex: 18    Spells: 4 memorised, 5 levels left

rFire  x x .     SeeInvis .     M - +2 hammer "Pnal" {venom, rC+ Dex+2}
rCold  + + .     Clarity  .     b - +0 leather armour
rNeg   . . .     SustAb   .     (no shield)
rPois  .         Gourm    .     m - +0 helmet
rElec  .         Spirit   .     (no cloak)
rCorr  +         Warding  .     (no gloves)
rMut   .         Stasis   .     l - +0 pair of boots
MR     .....                    F - amulet "Skixegi" {rCorr rF- Int+5}
Stlth  +.........               i - ring of wizardry
                                I - ring "Woagakhe" {Ice Int+2}

@: not resistant to hostile enchantments, very unstealthy
A: no striking features
a: Evolution, Renounce Religion


You were on level 7 of the Dungeon.
You worshipped Fedhas.
Fedhas was aware of your devotion.
You were not hungry.

You visited 2 branches of the dungeon, and saw 8 of its levels.

You collected 461 gold pieces.

Inventory:

Hand weapons
 a - a +0 hand axe
 e - a +2 dagger of venom
 o - a +0 dagger of chaos
 z - a +2 hammer of holy wrath
 M - the +2 hammer "Pnal" (weapon) {venom, rC+ Dex+2}
   (You found it on level 5 of the Dungeon)

   It poisons the flesh of those it strikes.
   It affects your dexterity (+2).
   It protects you from cold.
Armour
 b - a +0 leather armour (worn)
 l - a +0 pair of boots (worn)
 m - a +0 helmet (worn)
 w - a +4 chain mail of positive energy
 L - a +0 cloak
Jewellery
 i - a ring of wizardry (right hand)
 n - an uncursed ring of flight
 F - the amulet "Skixegi" (around neck) {rCorr rF- Int+5}
   (You found it on level 5 of the Dungeon)

   [amulet of resist corrosion]

   It protects you from acid and corrosion.
   It affects your intelligence (+5).
   It makes you vulnerable to fire.
 I - the ring "Woagakhe" (left hand) {Ice Int+2}
   (You found it on level 5 of the Dungeon)

   [ring of ice]

   It enhances your ice magic, and weakens your fire magic.
   It affects your intelligence (+2).
   It makes you vulnerable to fire.
   It protects you from cold.
Magical devices
 h - a wand of flame (0)
 r - a wand of confusion (35)
 D - a wand of cold (5)
 J - a wand of enslavement (7)
 P - a wand of frost (18)
Scrolls
 k - 2 scrolls of recharging
 s - a scroll of random uselessness {unknown}
 u - 4 scrolls of teleportation
 v - a scroll of fear {unknown}
 y - a scroll of noise {unknown}
 A - a scroll of remove curse
 B - a scroll of torment {unknown}
 N - a scroll of fog
 O - a scroll of acquirement {unknown}
 Q - 2 scrolls of identify
 R - a scroll of enchant weapon {unknown}
Potions
 j - a potion of might
 p - a potion of restore abilities
 q - a potion of brilliance {unknown}
 x - 2 potions of flight {unknown}
 C - 4 potions of agility
 E - a potion of magic {unknown}
 G - a potion of berserk rage {unknown}
 K - 2 potions of poison {unknown}
Books
 c - a book of Battle

   Spells                             Type                      Level
   a - Infusion                       Charms                       1
   b - Shroud of Golubria             Charms/Translocation         2
   c - Song of Slaying                Charms                       2
   d - Spectral Weapon                Hexes/Charms                 3
   e - Regeneration                   Charms/Necromancy            3
 H - a book of Air

   Spells                             Type                      Level
   a - Shock                          Conjuration/Air              1
   b - Swiftness                      Charms/Air                   2
   c - Repel Missiles                 Charms/Air                   2
   d - Flight                         Charms/Air                   3
   e - Static Discharge               Conjuration/Air              3
   f - Lightning Bolt                 Conjuration/Air              5
Comestibles
 d - 3 bread rations
 f - a fruit
 g - 2 beef jerkies
 t - 2 slices of pizza


   Skills:
 + Level 4.5 Fighting
 - Level 3.5 Short Blades
 - Level 2.0(3.3) Axes
 + Level 4.2(4.4) Maces & Flails
 - Level 1.4 Armour
 + Level 8.2 Dodging
 - Level 2.1 Spellcasting
 + Level 7.1 Charms
 - Level 3.0 Translocations


You had 5 spell levels left.
You knew the following spells:

 Your Spells              Type           Power        Failure   Level  Hunger
a - Infusion              Chrm           ####..       1%          1    #......
b - Shroud of Golubria    Chrm/Tloc      ###.......   1%          2    ##.....
c - Spectral Weapon       Hex/Chrm       ###.....     7%          3    ###....
d - Swiftness             Chrm/Air       ###.....     4%          2    ##.....


Dungeon Overview and Level Annotations

Branches:
Dungeon (7/15)             Temple (1/1) D:5

Altars:
Ashenzari
Dithmenos
Elyvilon
Fedhas
Gozag
Kikubaaqudgha
Makhleb
Nemelex Xobeh
Okawaru
Qazlal
Ru
Sif Muna
Vehumet
Xom
Yredelemnul
Zin
The Shining One

Annotations:
D:2 Sigmund
D:4 Menkaure


Message History

The orc priest calls down the wrath of Beogh upon you.
Pain shoots through your body!
The orc warrior throws a stone.
The stone hits you!
The orc throws a stone.
The stone barely misses you.
An orc comes into view. It is wielding a club.
Things that are here:
a stone; an arrow The orc throws a stone.
The stone misses you.
The centaur shoots an arrow.
The arrow hits you!
* * * LOW HITPOINT WARNING * * *
The orc shouts!
The centaur shoots an arrow.
The arrow hits you.
* * * LOW HITPOINT WARNING * * *
The orc throws a stone.
The stone completely misses you.
There is a stone staircase leading down here.
You see here an arrow.
The centaur shoots an arrow.
The arrow hits you!
* * * LOW HITPOINT WARNING * * *
The orc warrior throws a stone.
The stone hits you!
You die...
Fedhas appreciates your contribution to the ecosystem.

.....# ##...####...
#......### ##...##
####
#......#####(..##
##...o.((..(...#
##........o....##
#.....ooc.(.....##
##.......(..###...##
##..........##
###..## ###
##........@..#
##..##
..#####.......(....#
##..####
...................#
#......
..............###..#
##.....
............### #..#
##..## ######.....##
#..# #### ###..##
##..# #### #..##
#..#


You could see an orc warrior, a centaur, an orc priest and 2 orcs.

Vanquished Creatures
  Pikel (D:7)
  A sky beast (D:5)
  3 orc warriors (D:6)
  2 phantoms
  2 ogres
  2 slaves
  2 centaurs (D:6)
  2 giant frogs
  A water moccasin skeleton (D:5)
  3 scorpions
  A wyvern skeleton (D:6)
  7 wights (D:6)
  2 crimson imps
  A jelly (D:6)
  Crazy Yiuf (D:5)
  An iguana (D:5)
  3 hounds
  3 worker ants
  A centaur skeleton (D:5)
  Natasha (thrice) (D:6)
  2 orc wizards (D:6)
  2 orc priests
  Terence (D:2)
  Robin (D:2)
  11 gnolls
  11 adders
  2 shadow imps (D:6)
  2 worms (D:2)
  2 adder zombies
  6 giant geckos
  2 oozes
  22 orcs
  13 bats
  7 giant cockroaches
  19 goblins
  14 hobgoblins
  12 jackals
  11 kobolds
  8 quokkas
  A ball python (D:7)
  5 giant newts
  A quokka skeleton (D:5)
  15 rats
212 creatures vanquished.

Vanquished Creatures (others)
  2 spectral weapons
  A worker ant (D:7)
  A shadow imp (D:6)
  An orc (D:6)
  38 toadstools
43 creatures vanquished.

Grand Total: 255 creatures vanquished

Notes
Turn   | Place    | Note
--------------------------------------------------------------
     0 | D:1      | Rester5115, the Human Skald, began the quest for the Orb.
     0 | D:1      | Reached XP level 1. HP: 16/16 MP: 3/3
   431 | D:1      | Reached XP level 2. HP: 19/22 MP: 1/4
   441 | D:1      | Learned a level 2 spell: Shroud of Golubria
  1132 | D:1      | Reached XP level 3. HP: 23/27 MP: 3/6
  1920 | D:2      | Noticed Sigmund
  1949 | D:2      | Found an iron altar of Okawaru.
  2009 | D:2      | Reached XP level 4. HP: 33/33 MP: 0/7
  2369 | D:2      | Reached skill level 1 in Short Blades
  2686 | D:2      | Reached XP level 5. HP: 19/38 MP: 6/9
  2837 | D:2      | Noticed Terence
  2862 | D:2      | Killed Terence
  2862 | D:2      | Reached skill level 4 in Charms
  3293 | D:2      | Noticed Robin
  3318 | D:2      | Killed Robin
  3674 | D:2      | Found a shimmering altar of Xom.
  4301 | D:3      | Found an ancient bone altar of Kikubaaqudgha.
  4497 | D:3      | Reached XP level 6. HP: 40/44 MP: 5/10
  5348 | D:3      | HP: 1/44 [giant frog (10)]
  6254 | D:3      | Reached XP level 7. HP: 49/51 MP: 9/12
  6410 | D:4      | Found a white marble altar of Elyvilon.
  6726 | D:4      | Noticed Menkaure
  7027 | D:4      | Found a deep blue altar of Sif Muna.
  7354 | D:5      | Entered Level 5 of the Dungeon
  7362 | D:5      | Reached skill level 1 in Translocations
  7509 | D:5      | Reached skill level 5 in Dodging
  8037 | D:5      | Reached skill level 5 in Charms
  8037 | D:5      | Reached XP level 8. HP: 57/57 MP: 9/13
  8255 | D:5      | Got a translucent ruby amulet
  8257 | D:5      | Identified the amulet "Skixegi" {rCorr rF- Int+5} (You found it on level 5 of the Dungeon)
  8260 | D:5      | Found a blossoming altar of Fedhas.
  8262 | D:5      | Found a blossoming altar of Fedhas.
  8279 | D:5      | Learned a level 3 spell: Spectral Weapon
  8387 | D:5      | Found a stormy altar of Qazlal.
  8392 | D:5      | Got a scintillating steel ring
  8394 | D:5      | Identified the ring "Woagakhe" {Ice Int+2} (You found it on level 5 of the Dungeon)
  8610 | D:5      | Found a staircase to the Ecumenical Temple.
  8626 | Temple   | Entered the Ecumenical Temple
  8842 | D:5      | Became a worshipper of Fedhas Madash
  9141 | D:5      | Noticed Crazy Yiuf
  9149 | D:5      | Killed Crazy Yiuf
  9155 | D:5      | Got an iridescent hammer
  9157 | D:5      | Identified the +2 hammer "Pnal" {venom, rC+ Dex+2} (You found it on level 5 of the Dungeon)
  9292 | D:6      | Reached skill level 6 in Dodging
 10063 | D:6      | Reached skill level 1 in Maces & Flails
 10352 | D:6      | Reached XP level 9. HP: 61/64 MP: 11/15
 10457 | D:6      | Found a blossoming altar of Fedhas.
 10465 | D:6      | Noticed Natasha
 10492 | D:6      | Killed Natasha
 10641 | D:6      | Reached skill level 7 in Dodging
 11647 | D:6      | Acquired Fedhas' first power
 12026 | D:6      | Noticed Natasha
 12034 | D:6      | Killed Natasha
 12169 | D:6      | Noticed Natasha
 12183 | D:6      | Killed Natasha
 12483 | D:6      | Learned a level 2 spell: Swiftness
 12972 | D:7      | Noticed Pikel
 13423 | D:7      | Killed Pikel
 13423 | D:7      | Reached skill level 8 in Dodging
 13423 | D:7      | Reached XP level 10. HP: 65/73 MP: 10/16
 13649 | D:7      | Hit by a stone thrown by an orc warrior

Action                   |  1- 3 |  4- 6 |  7- 9 | 10-12 || total
-------------------------+-------+-------+-------+-------++-------
Melee: Hand axe          |    59 |       |       |       ||    59
       Dagger            |    69 |   260 |   162 |       ||   491
       Hammer            |       |       |   309 |     1 ||   310
 Cast: Infusion          |    17 |    25 |    36 |       ||    78
       Shroud of Golubri |     2 |     8 |    27 |       ||    37
       Spectral Weapon   |       |       |    15 |       ||    15
       Swiftness         |       |       |     2 |       ||     2
Evoke: Wand              |       |     1 |     6 |       ||     7
  Use: Potion            |       |     1 |     1 |       ||     2
       Scroll            |       |     6 |     7 |       ||    13
 Stab: Confused          |       |     2 |     1 |       ||     3
       Paralysed         |       |     1 |       |       ||     1
       Distracted        |       |       |     2 |       ||     2
  Eat: Chunk             |     4 |     5 |     2 |       ||    11
       Meat ration       |       |     1 |     4 |       ||     5
       Bread ration      |       |     1 |     1 |       ||     2
       Fruit             |       |     1 |     2 |       ||     3
       Pizza             |       |       |     1 |       ||     1
